 Dungeon Crawl Stone Soup version 0.31-a0-1278-g11c5b68f87 (webtiles) character file.

Game seed: 8080747589165726458

793 grandjackal the Trooper (level 7, -12/62 HPs)
             Began as a White Draconian Gladiator on Dec 18, 2023.
             Mangled by an ogre
             ... wielding a +0 giant club
              (33 damage)
             ... on level 5 of the Dungeon.
             The game lasted 00:04:40 (4442 turns).

grandjackal the Trooper (White Draconian Gladiator) Turns: 4442, Time: 00:04:41

Health: -12/62     AC:  7    Str: 17    XL:     7   Next: 57%
Magic:  7/7        EV: 14    Int:  8    God:
Gold:   103        SH:  0    Dex: 14    Spells: 6/6 levels left

rFire   . . .        w - +0 long sword (holy)
rCold   + + .        (no shield)
rNeg    . . .        (body armour unavailable)
rPois   .            b - +0 hat
rElec   .            (no cloak)
rCorr   .            (no gloves)
SInv    .            o - +0 pair of boots
Will    .....        (no amulet)
Stlth   +            h - ring of flight
HPRegen 0.30/turn    A - ring of protection from cold
MPRegen 0.10/turn

%: no passive effects
@: flying
A: breathe frost, AC +6, unfitting armour, cold resistance 1, cold-blooded
a: Breathe Frost


You were on level 5 of the Dungeon.
You visited 1 branch of the dungeon, and saw 5 of its levels.

You collected 323 gold pieces.
You spent 220 gold pieces at shops.

Inventory:

Hand Weapons
 a - a +0 long sword
 w - a +0 long sword of holy wrath (weapon)
Missiles
 c - 3 throwing nets
 d - a javelin
 e - 10 poisoned darts (quivered)
Armour
 b - a +0 hat (worn)
 o - a +0 pair of boots (worn)
Jewellery
 g - a ring of magical power
 h - a ring of flight (left hand)
 A - a ring of protection from cold (right hand)
Scrolls
 f - 6 scrolls of identify {unknown}
 i - 3 scrolls of teleportation {unknown}
 j - 2 scrolls of amnesia {unknown}
 k - a scroll of fog {unknown}
 l - 3 scrolls of noise {unknown}
 m - 3 scrolls of blinking {unknown}
 v - a scroll of enchant armour {unknown}
 y - a scroll of silence {unknown}
Potions
 n - 2 potions of curing
 p - a potion of resistance {unknown}
 q - 2 potions of heal wounds
 s - a potion of degeneration {unknown}
 t - 2 potions of enlightenment {unknown}
 u - a potion of brilliance {unknown}
 x - a potion of cancellation {unknown}
 z - a potion of attraction {unknown}


   Skills:
 + Level 5.8 Fighting
 + Level 5.6 Long Blades
 - Level 2.0 Throwing
 + Level 5.1 Dodging


You had 6 spell levels left.
You didn't know any spells.
Your spell library contained the following spells:

 Spells                   Type           Power      Damage    Failure   Level
 Blink                    Tloc           0%         N/A       54%         2
 Lesser Beckoning         Tloc           0%         N/A       54%         2
 Momentum Strike          Conj/Tloc      0%         3d8       54%         2
 Gell's Gravitas          Tloc           0%         N/A       78%         3
 Teleport Other           Tloc           0%         N/A       78%         3
 Tukima's Dance           Hex            0%         N/A       78%         3
 Passage of Golubria      Tloc           0%         N/A       99%         4
 Yara's Violent Unravell  Hex/Tmut       0%         3d3       100%        5
 Dispersal                Tloc           0%         N/A       100%        6


Dungeon Overview and Level Annotations

Branches:
Dungeon (5/15)
 Temple: D:4-7

Altars:
Gozag
Nemelex Xobeh
Sif Muna
Vehumet
Wu Jian

Shops:
D:1 *   D:2 *


Innate Abilities, Weirdness & Mutations

You can breathe waves of freezing cold which knock back foes.
Your icy white scales are hard. (AC +6)
You cannot fit into any form of body armour.
Your flesh is cold resistant. (rC+)
You are cold-blooded and may be slowed by cold attacks.


Message History

The orc is severely wounded.
The orc wizard is severely wounded.
The freezing breath hits the orc.
You kill the orc!
You hear a shout!
An ogre comes into view. It is wielding a +0 giant club.
The orc wizard casts a spell at you. The puff of flame hits you.
The orc wizard hits you but does no damage.
The orc shouts!
You slash the orc wizard!
You kill the orc wizard!
You hit the orc.
The orc is severely wounded.
The orc hits you but does no damage. The orc misses you.
You closely miss the ogre. You tail-slap the ogre.
The ogre is lightly wounded.
The ogre barely misses you.
You hit the ogre. You tail-slap the ogre.
The ogre is moderately wounded.
The ogre hits you with a +0 giant club!!
You hit the ogre.
The ogre is moderately wounded.
The ogre barely misses you.
You hit the ogre.
The ogre is heavily wounded.
You slash the ogre!
The ogre is severely wounded.
The ogre barely misses you.
You hit the ogre.
The ogre is severely wounded.
You have got your breath back.
The ogre hits you with a +0 giant club!!
You are too injured to fight recklessly!
You are too injured to fight recklessly!
You are too injured to fight recklessly!
You hit the ogre.
The ogre is almost dead.
The ogre hits you with a +0 giant club!!
Ouch! That really hurt!
You die...

♣.#..# #.# #.#
#....#######.#####.#
♣#...................
#....<..##.########.#
............<........#
##
##...#...##.....####
#.# #..###..##.###.#
##.# #.# ##....#
#.#####.###.### .%.
##### #.@Ooo..).)....
## #######.###.###
##.# #.# ##


You could see an ogre and 2 orcs.

Vanquished Creatures
  Grinder (D:5)
  A water moccasin (D:5)
  A black bear (D:4)
  An ogre (D:5)
  A scorpion (D:4)
  2 orc wizards
  A sleepcap (D:4)
  5 gnolls
  7 adders
  2 worms (D:3)
  A dart slug (D:5)
  2 orcs
  5 ball pythons
  2 bats (D:3)
  8 endoplasms
  3 giant cockroaches
  3 goblins
  10 hobgoblins
  2 jackals (D:2)
  A quokka (D:2)
  2 frilled lizards
  8 kobolds
  6 rats
75 creatures vanquished.

Notes
Turn   | Place    | Note
-------+----------+-------------------------------------------
     0 | D:1      | grandjackal the Draconian Gladiator began the quest for the
                  | Orb.
     0 | D:1      | Reached XP level 1. HP: 17/17 MP: 1/1
   202 | D:1      | Reached XP level 2. HP: 18/25 MP: 2/2
   275 | D:1      | Found Poucvas's Assorted Antiques.
   997 | D:2      | Reached XP level 3. HP: 28/30 MP: 3/3
  1287 | D:2      | You are sucked into a shaft and drop 1 floor!
  1537 | D:2      | Found Yjuts's Assorted Antiques.
  1540 | D:2      | Bought a scroll labelled MEOLAM QUTOOXT for 19 gold pieces
  1540 | D:2      | Bought 3 scrolls labelled WEID LEOPA for 57 gold pieces
  1540 | D:2      | Bought 2 scrolls labelled IPLUPIYMEB for 38 gold pieces
  1878 | D:1      | Bought a coppery potion for 25 gold pieces
  1878 | D:1      | Bought a fizzy black potion for 25 gold pieces
  2084 | D:3      | Reached XP level 4. HP: 36/38 MP: 4/4
  2467 | D:3      | Identified the +10 chain mail of Qemuodekk {Int-5 Dex+4}
  2772 | D:1      | Bought a scroll labelled MEOLAM QUTOOXT for 28 gold pieces
  2772 | D:1      | Bought a scroll labelled PAXTUG XIMOLOA for 28 gold pieces
  2895 | D:4      | Found a radiant altar of Vehumet.
  2905 | D:4      | Noticed a black bear
  3099 | D:4      | Killed a black bear
  3100 | D:4      | Reached XP level 5. HP: 34/46 MP: 5/5
  3360 | D:4      | Found a sparkling altar of Nemelex Xobeh.
  3526 | D:4      | Found an opulent altar of Gozag.
  3606 | D:4      | Reached XP level 6. HP: 53/53 MP: 6/6
  3702 | D:4      | Found a shimmering blue altar of Sif Muna.
  3926 | D:4      | Found an ornate altar of the Wu Jian Council.
  4084 | D:5      | Entered Level 5 of the Dungeon
  4243 | D:5      | Reached skill level 5 in Long Blades
  4288 | D:5      | Noticed Grinder
  4290 | D:5      | Paralysed by Grinder for 4 turns
  4290 | D:5      | Noticed a water moccasin
  4307 | D:5      | Killed a water moccasin
  4308 | D:5      | Reached skill level 5 in Fighting
  4308 | D:5      | Your scales start taking on an icy white colour.
  4308 | D:5      | Reached XP level 7. HP: 61/61 MP: 7/7
  4308 | D:5      | Gained mutation: Your flesh is cold resistant. (rC+) [White
                  | Draconian growth]
  4313 | D:5      | Paralysed by Grinder for 3 turns
  4320 | D:5      | Paralysed by Grinder for 2 turns
  4322 | D:5      | Killed Grinder
  4323 | D:5      | Reached skill level 5 in Dodging
  4442 | D:5      | Mangled by an ogre

Illustrated notes

Levels and vault maps discovered:
D:1:      lightli_arrival_isolated_outpost, layout_basic, serial_shops,
          nicolae_square_shop
D:2:      layout_loops_ring, serial_shops, nicolae_shop_behind_doors
D:3:      layout_basic
D:4:      layout_loops_ring, nemelex_diamond_rough_becter,
          grunt_gozag_breadcrumbs, led_sif_pool, nicolae_overflow_hidden_temple,
          mainiacjoe_overflow_alcove_2, serial_rivers,
          chequers_serial_rivers_room_a, chequers_serial_rivers_room_a,
          chequers_serial_rivers_micro_e, chequers_serial_rivers_micro_e,
          chequers_serial_rivers_small_3, chequers_serial_rivers_room_b,
          st_stairs_1
D:5:      layout_loops_ring, old_standard_altar, serial_bayou_crossing,
          uniq_grinder, uniq_edmund

Skill      XL: |  1  2  3  4  5  6  7 |
---------------+----------------------+-----
Throwing       | 2 |  2.0
Dodging        | 3 4 5 |  5.1
Fighting       | 3 4 5 |  5.8
Long Blades    | 4 5 |  5.6

Action                     |  1- 3 |  4- 6 |  7- 9 || total
---------------------------+-------+-------+-------++-------
  Melee: Long sword        |   105 |   136 |    24 ||   265
         Tailslap          |    13 |    21 |     2 ||    36
         Punch             |     1 |     2 |       ||     3
  Throw: Dart              |       |     2 |       ||     2
Ability: Breathe Frost     |       |       |     1 ||     1
    Use: Potion            |       |     3 |       ||     3
   Stab: Sleeping          |     2 |     3 |       ||     5
 Armour: Skin              |    66 |   100 |    17 ||   183
  Dodge: Dodged            |    54 |    88 |     9 ||   151

Table legend: (Time is in decaauts)
 A = Elapsed time spent in this place.
 B = Non-inter-level travel time spent in this place.
 C = Inter-level travel time spent in this place.
 D = Time resting spent in this place.
 E = Time spent auto-exploring this place.
 F = Levels seen in this place.
 G = Mean time per level.
                   A        B        C        D        E       F      G
               +--------+--------+--------+--------+--------+-----+--------+
         Total |   4503 |   4059 |    444 |    504 |   2823 |   5 |  900.6 |
       Dungeon |   4503 |   4059 |    444 |    504 |   2823 |   5 |  900.6 |
               +--------+--------+--------+--------+--------+-----+--------+

Top non-repeatable levels by time:
     D:4: 1165 daAuts
     D:3: 1102 daAuts
     D:1: 1097 daAuts
     D:2: 774 daAuts
     D:5: 363 daAuts
